 Dungeon Crawl Stone Soup version 0.31-a0-691-g409c26aa35 (webtiles) character file.

Game seed: 8883467692492157173

11819 Dirtsage the Grappler (level 11, -5/115 HPs)
             Began as a Troll Shapeshifter on Sept 6, 2023.
             Was a High Priest of Uskayaw.
             Slain by a death yak (18 damage)
             ... on level 11 of the Dungeon.
             The game lasted 00:22:18 (8486 turns).

Dirtsage the Grappler (Troll Shapeshifter)          Turns: 8486, Time: 00:22:19

Health: -5/115     AC: 11    Str: 30    XL:     11   Next: 54%
Magic:  0/11       EV:  9    Int:  8    God:    Uskayaw [*****.]
Gold:   508        SH:  0    Dex: 11    Spells: 10/10 levels left

rFire   . .          .
                       - Unarmed
rCold   . . .        (no shield)
rNeg    . . .        b - +0 steam dragon scales
rPois   .            (helmet currently unavailable)
rElec   .            (cloak currently unavailable)
rCorr   .            (gloves unavailable)
SInv    .            (boots unavailable)
Will    .....        n - amulet of guardian spirit
Stlth   +            u - +6 ring of strength
HPRegen 1.19/turn    q - +4 ring of protection
MPRegen 0.12/turn

%: guardian spirit
@: about to teleport, beast-form
A: beast (slay +4), large, unfitting armour, claws 3, regeneration 1, shaggy fur
1, tough skin 1
a: Begin Untransformation, Renounce Religion, Stomp, Line Pass, Grand Finale


You were on level 11 of the Dungeon.
You worshipped Uskayaw.
Uskayaw was noncommittal.
You were a hulking beast.
You visited 2 branches of the dungeon, and saw 12 of its levels.

You collected 508 gold pieces.

Inventory:

Missiles
 i - 11 curare-tipped darts
 A - a throwing net
Armour
 b - +0 steam dragon scales (worn)
 H - a +1 cloak
Jewellery
 n - an amulet of guardian spirit (around neck)
 q - a +4 ring of protection (right claw)
 u - a +6 ring of strength (left claw)
 B - an amulet of the acrobat
 N - a ring of positive energy
Talismans
 c - a beast talisman (active)
 y - a serpent talisman
 K - a maw talisman
 L - a serpent talisman
 M - a flux talisman
Wands
 x - a wand of flame (24)
 D - a wand of digging (9)
 J - a wand of mindburst (3)
Scrolls
 a - 3 scrolls of fog
 e - a scroll of immolation
 f - a scroll of amnesia
 j - 4 scrolls of noise
 l - 2 scrolls of brand weapon
 o - 2 scrolls of enchant armour
 t - 5 scrolls of teleportation
 E - a scroll of revelation
 G - 3 scrolls of summoning {unknown}
 I - a scroll of vulnerability {unknown}
Potions
 d - a potion of might
 g - a potion of lignification
 h - a potion of haste
 k - 4 potions of curing {unknown}
 m - 2 potions of enlightenment {unknown}
 p - 4 potions of degeneration {unknown}
 r - 2 potions of mutation
 s - 2 potions of cancellation {unknown}
 v - 2 potions of heal wounds {unknown}
 w - 2 potions of berserk rage {unknown}
 z - a potion of invisibility {unknown}
 C - 3 potions of attraction {unknown}
 F - 3 potions of brilliance {unknown}


   Skills:
 + Level 9.2 Fighting
 - Level 1.5 Dodging
 + Level 11.1 Unarmed Combat
 + Level 2.5 Invocations
 - Level 9.9 Shapeshifting


You had 10 spell levels left.
You didn't know any spells.
Your spell library contained the following spells:

 Spells                   Type           Power      Damage    Failure   Level
 Slow                     Hex            0%         N/A       41%         1
 Scorch                   Fire           0%         2d5       54%         2
 Static Discharge         Conj/Air       0%         2-2/arc   54%         2
 Confusing Touch          Hex            0%         N/A       78%         3
 Stone Arrow              Conj/Erth      0%         3d7       78%         3
 Vampiric Draining        Necr           0%         2d6       78%         3
 Airstrike                Air            0%         2d(0-16)  99%         4
 Animate Armour           Summ/Erth      0%         N/A       99%         4
 Flame Wave               Conj/Fire      0%         2d4       99%         4
 Summon Lightning Spire   Summ/Air       0%         N/A       99%         4
 Lee's Rapid Deconstruct  Erth           0%         3d4*      100%        5
 Summon Cactus Giant      Summ           0%         N/A       100%        6
 Lehudib's Crystal Spear  Conj/Erth      0%         10d2      100%        8


Dungeon Overview and Level Annotations

Branches:
Dungeon (11/15)            Temple (1/1) D:7
   Lair: D:8-11         Orc: D:9-12

Altars:
Ashenzari
Cheibriados
Dithmenos
Elyvilon
Fedhas
Gozag
Hepliaklqana
Kikubaaqudgha
Makhleb
Nemelex Xobeh
Okawaru
Qazlal
Ru
Sif Muna
Trog
Uskayaw
Vehumet
Wu Jian
Xom
Yredelemnul
Zin
The Shining One

Shops:
D:10 *

Annotations:
D:4 exclusion: door


Innate Abilities, Weirdness & Mutations

You are a hulking beast.
Your limbs bulge with bestial killing power. (Slay +4)
You are too large for most types of armour.
You have claws for hands.
Your natural rate of healing is unusually fast.
You are covered in fur. (AC +1)
You have tough skin. (AC +1)


Message History

Your Invocations skill increases to level 2!
You claw the death yak!
The death yak is moderately wounded.
The death yak gores you!
You take 10 damage, and have 42/115 hp.
You now have 5/11 mp.
Aiming: Line Pass
Press: ? - help, Dir - move target The death yak appears confused. x2
You can no longer merge with and destroy a victim.
The death yak gores the death yak!!
The death yak gores itself!!
The death yak gores the death yak.
You regained 2 hp, and now have 44/115 hp.
You now have 1/11 mp.
You mangle the death yak!!
The death yak is severely wounded.
Uskayaw prepares the audience for your solo!
The helpless death yak fails to defend itself.
You eviscerate the death yak!!!
You kill the death yak!
The death yak seems less confused.
The death yak is no longer paralysed.
You can now merge with and destroy a victim.
A death yak comes into view.
You regained 2 hp, and now have 47/115 hp.
Okay, then.
You scratch the death yak.
The death yak is severely wounded.
The death yak gores you but does no damage.
The death yak gores you!
* * * LOW HITPOINT WARNING * * *
You take 16 damage, and have 31/115 hp.
Okay, then.
The death yak gores you!!
* * * LOW HITPOINT WARNING * * *
You take 21 damage, and have 10/115 hp.
You now have 0/11 mp.
The death yak barely misses you.
Okay, then.
Okay, then.
As you read the scroll of teleportation, it crumbles to dust.
You feel strangely unstable. The death yak gores you!!
You die...

#..#'########.#.Y###
#..#........#.#....#
#..#........#.#Y...#
#..#........#†#....#
...#........#.#....#
....#........#.#....#
....#........#Y'(...#
#........#Y#....#
...#+#'####+#h######.
....[.................
......................
......................
.....########.....#+#.
..... ####### ....
....


You could see 2 death yaks.

Vanquished Creatures
  Erolcha (D:9)
  Erica (D:9)
  4 death yaks (D:11)
  A cyclops (D:11)
  Maggie (D:6)
  A gargoyle (D:9)
  Jeremiah (D:6)
  A kobold demonologist (D:10)
  3 trolls
  A hornet (D:9)
  2 wyverns (D:8)
  3 wraiths
  10 yaks (D:10)
  Menkaure (D:6)
  A steam dragon (D:7)
  An acid dragon (D:8)
  2 water moccasins
  3 orc warriors
  A sky beast (D:7)
  A black bear (D:7)
  An ogre (D:5)
  4 centaurs (D:9)
  A phantom (D:4)
  3 kobold brigands
  7 bullfrogs
  2 gnoll sergeants
  3 scorpions
  A wight (D:7)
  8 killer bees
  2 howler monkeys (D:9)
  4 hounds
  An orc priest (D:5)
  2 jellies
  2 sleepcaps
  8 orc wizards
  4 iguanas
  17 gnolls
  5 adders
  A shadow imp (D:6)
  3 white imps
  2 ufetubi
  4 dart slugs
  38 orcs
  4 ball pythons
  8 endoplasms
  3 giant cockroaches
  6 hobgoblins
  9 jackals (D:3)
  3 quokkas
  3 bats
  2 frilled lizards
  9 goblins
  18 kobolds
  3 rats
231 creatures vanquished.

Notes
Turn   | Place    | Note
-------+----------+-------------------------------------------
     0 | D:1      | Dirtsage the Troll Shapeshifter began the quest for the
                  | Orb.
     0 | D:1      | Reached XP level 1. HP: 18/18 MP: 0/0
   367 | D:1      | Reached skill level 1 in Fighting
   543 | D:1      | Reached XP level 2. HP: 27/27 MP: 1/1
  1052 | D:2      | Reached XP level 3. HP: 30/33 MP: 2/2
  1133 | D:2      | You fall into a shaft and drop 1 floor!
  1644 | D:3      | Reached XP level 4. HP: 42/42 MP: 3/3
  2249 | D:4      | Reached skill level 4 in Unarmed Combat
  2254 | D:4      | Reached XP level 5. HP: 28/50 MP: 4/4
  2363 | D:4      | Found a radiant altar of Vehumet.
  2672 | D:4      | Noticed a phantom
  2678 | D:4      | Killed a phantom
  2679 | D:4      | Reached XP level 6. HP: 61/61 MP: 5/5
  2696 | D:4      | Found a shimmering blue altar of Sif Muna.
  2903 | D:5      | Entered Level 5 of the Dungeon
  2993 | D:5      | Reached skill level 5 in Unarmed Combat
  3018 | D:5      | Found a hazy altar of Hepliaklqana.
  3024 | D:5      | Identified the +0 hand axe of Ignis's Reproof {protect,
                  | Will+ rCorr Dex+3}
  3160 | D:5      | Reached XP level 7. HP: 57/67 MP: 6/6
  3175 | D:5      | Reached skill level 5 in Shapeshifting
  3685 | D:6      | Reached skill level 6 in Unarmed Combat
  3690 | D:6      | Noticed Menkaure
  3759 | D:6      | Killed Menkaure
  3760 | D:6      | Reached XP level 8. HP: 79/79 MP: 7/7
  3862 | D:6      | Noticed Maggie
  3882 | D:6      | Killed Maggie
  3883 | D:6      | Reached skill level 5 in Fighting
  3883 | D:6      | Saving game... please wait.
  4018 | D:6      | Noticed a troll
  4021 | D:6      | Identified the +1 leather armour of Hairiness {rF+}
  4037 | D:6      | Killed a troll
  4038 | D:6      | Reached skill level 7 in Unarmed Combat
  4042 | D:6      | Noticed Jeremiah
  4071 | D:6      | Killed Jeremiah
  4072 | D:6      | Reached XP level 9. HP: 10/89 MP: 8/8
  4413 | D:6      | Found a snail-covered altar of Cheibriados.
  4925 | D:7      | Found a white marble altar of Elyvilon.
  5164 | D:7      | Found a staircase to the Ecumenical Temple.
  5173 | Temple   | Entered the Ecumenical Temple
  5236 | D:7      | Found a blossoming altar of Fedhas.
  5753 | D:8      | Reached skill level 8 in Unarmed Combat
  5772 | D:8      | Found a sparkling altar of Nemelex Xobeh.
  5869 | D:8      | Found an iron altar of Okawaru.
  6471 | D:8      | Found a glowing silver altar of Zin.
  6473 | D:8      | Found a white marble altar of Elyvilon.
  6473 | D:8      | Found a radiant altar of Vehumet.
  6475 | D:8      | Found a bloodstained altar of Trog.
  6475 | D:8      | Found a shimmering altar of Xom.
  6475 | D:8      | Found a white marble altar of Elyvilon.
  6482 | D:8      | Identified the +2 scimitar of the Mind {protect, Fragile
                  | rC+ Int+3 Stlth+}
  6661 | D:9      | Reached XP level 10. HP: 88/102 MP: 6/9
  6715 | D:9      | Noticed a gargoyle
  6719 | D:9      | Killed a gargoyle
  6720 | D:9      | Reached skill level 9 in Unarmed Combat
  6783 | D:9      | Noticed Erica
  6800 | D:9      | Killed Erica
  6900 | D:9      | Noticed Erolcha
  6907 | D:9      | Killed Erolcha
  7346 | D:10     | Entered Level 10 of the Dungeon
  7499 | D:10     | Noticed a sixfirhy
  7504 | D:10     | Reached skill level 10 in Unarmed Combat
  7643 | D:10     | Reached XP level 11. HP: 37/113 MP: 3/10
  7808 | D:10     | Found a basalt altar of Yredelemnul.
  7904 | D:10     | Found Ymausche's Neck Hole.
  8231 | D:10     | Found a hide-covered altar of Uskayaw.
  8231 | D:10     | Found a broken altar of Ashenzari.
  8234 | D:10     | Became a worshipper of Uskayaw the Reveller
  8370 | D:11     | Noticed a death yak
  8379 | D:11     | Reached * piety under Uskayaw
  8380 | D:11     | Reached ** piety under Uskayaw
  8382 | D:11     | Killed a death yak
  8455 | D:11     | Noticed a death yak
  8456 | D:11     | Noticed a death yak
  8458 | D:11     | Noticed a death yak
  8459 | D:11     | Reached skill level 1 in Invocations
  8471 | D:11     | Killed a death yak
  8471 | D:11     | Noticed a death yak
  8471 | D:11     | Reached *** piety under Uskayaw
  8472 | D:11     | Reached **** piety under Uskayaw
  8476 | D:11     | Killed a death yak
  8476 | D:11     | Reached ***** piety under Uskayaw
  8477 | D:11     | Reached skill level 11 in Unarmed Combat
  8480 | D:11     | Killed a death yak
  8481 | D:11     | Noticed a death yak
  8486 | D:11     | Slain by a death yak

Illustrated notes

Levels and vault maps discovered:
D:1:      dpeg_arrival_rhombus, layout_basic
D:2:      layout_rooms, wander_ebering_terrifying_dragon_lair
D:3:      layout_basic, minmay_goblin_outpost
D:4:      layout_rooms, led_sif_book, kennysheep_little_box,
          kennysheep_cluttered_room, supply_closet_lemuel, minmay_misc_feat_iff
D:5:      minmay_evil_eye, layout_basic, mainiacjoe_overflow_catwalk
D:6:      layout_layer_cave, cheibriados_altar_1, uniq_menkaure, uniq_maggie,
          uniq_jeremiah
D:7:      layout_gridville, minmay_temple_entry_large_hall,
          hangedman_feature_mirror
D:8:      layout_cave_pods, doesnt_xom_only_xom,
          mainiacjoe_overflow_concentric_impassable,
          nemelex_xobeh_ov_fountains_minmay
D:9:      layout_loops_ring, uniq_erica, uniq_erolcha
D:10:     layout_irregular_city, old_standard_altar,
          gammafunk_temple_overflow_elements, nicolae_shop_sticking_my_neck_out
D:11:     hangedman_screamer, layout_irregular_city, dpeg_lair_monsters,
          uniq_maurice
Temple:   minmay_temple_forest_path

Skill      XL: |  1  2  3  4  5  6  7  8  9 10 11 |
---------------+----------------------------------+-----
Fighting       | 1 2 3 4 5 7 8 9 |  9.2
Unarmed Combat | 4 5 6 7 8 10 11 | 11.1
Shapeshifting  | 4 5 6 8 9 |  9.9
Invocations    | 2 |  2.5
Dodging        | |  1.5

Action                     |  1- 3 |  4- 6 |  7- 9 | 10-12 || total
---------------------------+-------+-------+-------+-------++-------
  Melee: Unarmed           |    92 |   111 |   189 |   186 ||   578
         Punch             |       |     2 |     7 |     6 ||    15
 Invoke: Line Pass         |       |       |       |     1 ||     1
    Use: Scroll            |       |     5 |     5 |     3 ||    13
         Potion            |       |       |     1 |       ||     1
   Stab: Sleeping          |     3 |       |       |       ||     3
         Paralysed         |       |       |       |     2 ||     2
 Armour: Animal skin       |    50 |    96 |    35 |       ||   181
         Steam dragon scal |       |       |   129 |   170 ||   299
         Skin              |       |       |    13 |       ||    13
  Dodge: Dodged            |    36 |    37 |    85 |    72 ||   230
   Form: Anaconda          |       |       |       |     1 ||     1
         Beast             |       |       |       |     1 ||     1

Table legend: (Time is in decaauts)
 A = Elapsed time spent in this place.
 B = Non-inter-level travel time spent in this place.
 C = Inter-level travel time spent in this place.
 D = Time resting spent in this place.
 E = Time spent auto-exploring this place.
 F = Levels seen in this place.
 G = Mean time per level.
                   A        B        C        D        E       F      G
               +--------+--------+--------+--------+--------+-----+--------+
         Total |   8425 |   8112 |    313 |    108 |   6671 |  12 |  702.1 |
       Dungeon |   8424 |   8111 |    313 |    108 |   6671 |  11 |  765.8 |
        Temple |      1 |      1 |      0 |      0 |      0 |   1 |    1.0 |
               +--------+--------+--------+--------+--------+-----+--------+

Top non-repeatable levels by time:
     D:6: 1274 daAuts
    D:10: 980 daAuts
     D:1: 975 daAuts
     D:8: 877 daAuts
     D:3: 823 daAuts
     D:7: 804 daAuts
     D:9: 742 daAuts
     D:5: 726 daAuts
     D:4: 687 daAuts
     D:2: 403 daAuts
    D:11: 128 daAuts
  Temple: 1 daAuts
